 Dungeon Crawl Stone Soup version 0.29-a0-96-g93358da72b (webtiles) character file.

Game seed: 4425408282438607675

157242 Pandoramic the Warrior (level 17, -5/99 HPs)
             Began as a Vine Stalker Enchanter on Feb 10, 2022.
             Was an Initiate of Gozag.
             Killed by the raging water
             ... invoked by a water nymph
              (27 damage)
             ... on level 1 of the Shoals on Feb 12, 2022.
             The game lasted 06:05:30 (30588 turns).

Pandoramic the Warrior (Vine Stalker Enchanter)    Turns: 30588, Time: 06:05:30

Health: -5/99      AC: 34    Str: 24    XL:     17   Next: 69%
Magic:  0/32       EV:  7    Int: 18    God:    Gozag
Gold:   1336       SH: 11    Dex: 16    Spells: 34/36 levels left

rFire   + + .      SeeInvis .   W - +11 scimitar of Hell's Wrath {holy, rF++ Str+5 Dex-3}
rCold   + . .      Faith    .   h - +1 kite shield {reflect}
rNeg    . . .      Spirit   +   o - +7 plate armour of Oblivion {Harm Rampage rPois Str+4 Int+3}
rPois   +          Reflect  +   e - +1 hat
rElec   +          Harm     +   a - +0 cloak
rCorr   +          Rampage  +   n - +5 pair of gloves "Oproenij" {Harm Rampage rElec Will++}
Will    ++++.                   H - +0 pair of boots
Stlth   ..........              I - amulet of the acrobat
HPRegen 1.06/turn               i - ring of protection from cold
MPRegen 0.23/turn               D - ring of resist corrosion

@: studying Throwing, very slow
A: fangs 3, regeneration 1, magic shield, antimagic bite, no potion heal 2
a: Renounce Religion, Potion Petition, Call Merchant, Bribe Branch


You were on level 1 of the Shoals.
You worshipped Gozag.
Gozag was most pleased with you.
You visited 5 branches of the dungeon, and saw 28 of its levels.
You also visited: Ice Cave and Volcano.

You collected 10106 gold pieces.
You spent 3689 gold pieces at shops.
You paid 5081 gold pieces to Gozag.

Inventory:

Hand Weapons
 S - the +10 quarterstaff of the Pariah {freeze, Dex+2}
   (You bought it in a shop on level 1 of the Lair of Beasts)

   It freezes those it strikes, dealing additional cold damage.
   It can also slow down cold-blooded creatures.
   Dex:       It affects your dexterity (+2).
 W - the +11 scimitar of Hell's Wrath (weapon) {holy, rF++ Str+5 Dex-3}
   (You found it on level 3 of the Lair of Beasts)

   It has been blessed by the Shining One to cause great damage to the undead
   and demons.
   Str:       It affects your strength (+5).
   Dex:       It affects your dexterity (-3).
   rF:        It greatly protects you from fire.
Missiles
 k - 7 javelins (quivered)
 l - a silver boomerang
 P - 21 boomerangs
Armour
 a - a +0 cloak (worn)
 e - a +1 hat (worn)
 h - a +1 kite shield of reflection (worn)
 n - the +5 pair of gloves "Oproenij" (worn) {Harm Rampage rElec Will++}
   (You found it on level 2 of the Dungeon)

   rElec:     It insulates you from electricity.
   Harm:      It increases damage dealt and taken.
   Rampage:   It bestows one free step when moving towards enemies.
   Will:      It greatly increases your willpower.
 o - the +7 plate armour of Oblivion (worn) {Harm Rampage rPois Str+4 Int+3}
   (You found it on level 2 of the Dungeon)

   Str:       It affects your strength (+4).
   Int:       It affects your intelligence (+3).
   rPois:     It protects you from poison.
   Harm:      It increases damage dealt and taken.
   Rampage:   It bestows one free step when moving towards enemies.
 H - a +0 pair of boots (worn)
 M - the +6 scale mail "Mesmatru" {+Blink rN+ Str+6 Dex-2}
   (You found it on level 9 of the Dungeon)

   Str:       It affects your strength (+6).
   Dex:       It affects your dexterity (-2).
   rN:        It protects you from negative energy.
   +Blink:    It lets you blink.
 Q - a +2 tower shield of protection
Jewellery
 i - a ring of protection from cold (left hand)
 D - a ring of resist corrosion (right hand)
 I - an amulet of the acrobat (around neck)
 V - a ring of see invisible
Wands
 g - a wand of mindburst (23)
 j - a wand of digging (7)
 v - a wand of paralysis (3)
 z - a wand of polymorph (14)
 J - a wand of iceblast (16)
 K - a wand of charming (1)
 L - a wand of flame (4)
 Y - a wand of acid (1)
Scrolls
 f - 5 scrolls of immolation
 m - 2 scrolls of fog
 x - a scroll of blinking
 y - 6 scrolls of holy word
 B - 3 scrolls of enchant armour
 F - 2 scrolls of magic mapping
 N - 10 scrolls of teleportation
 T - 2 scrolls of enchant weapon
 X - 2 scrolls of brand weapon
 Z - 3 scrolls of vulnerability
Potions
 d - 11 potions of curing
 p - 5 potions of attraction
 r - 7 potions of brilliance
 s - 3 potions of lignification
 t - a potion of resistance
 u - 2 potions of flight
 w - a potion of mutation
 E - a potion of might
 G - a potion of cancellation
 O - 3 potions of ambrosia
 U - 2 potions of berserk rage
Miscellaneous
 b - a condenser vane
 c - a phial of floods (inert)
 A - a box of beasts (inert)
 R - a tin of tremorstones (1/2)


   Skills:
 - Level 15.1 Fighting
 + Level 2.2(6.0) Short Blades
 - Level 8.9(9.0) Long Blades
 - Level 14.4 Staves
 * Level 6.3 Throwing
 - Level 14.5 Armour
 + Level 3.0 Dodging
 - Level 5.0 Stealth
 - Level 4.7 Shields
 + Level 10.1 Spellcasting
 + Level 3.0 Hexes
 - Level 0.2 Ice Magic
 - Level 5.5 Evocations


You had 34 spell levels left.
You knew the following spells:

 Your Spells              Type           Power      Damage    Failure   Level
a - Ensorcelled Hibernat  Hex/Ice        30%        N/A       82%         2

Your spell library contained the following spells:

 Spells                   Type           Power      Damage    Failure   Level
 Slow                     Hex            80%        N/A       47%         1
 Confusing Touch          Hex            20%        N/A       85%         3
 Tukima's Dance           Hex            20%        N/A       85%         3
 Freeze                   Ice            36%        1d6       87%         1
 Animate Skeleton         Necr           18%        N/A       88%         1
 Apportation              Tloc           18%        N/A       88%         1
 Pain                     Necr           36%        1d5       88%         1
 Sandblast                Erth           18%        2d7       88%         1
 Passwall                 Tmut/Erth      7%         N/A       96%         2
 Dazzling Flash           Conj/Hex       28%        N/A       97%         3
 Frozen Ramparts          Ice            18%        1d3       99%         3
 Gell's Gravitas          Tloc           9%         N/A       99%         3
 Stone Arrow              Conj/Erth      18%        3d8       99%         3
 Teleport Other           Tloc           9%         N/A       99%         3
 Vampiric Draining        Necr           9%         2d6       99%         3
 Hailstorm                Conj/Ice       9%         3d4       100%        4
 Ice Form                 Ice/Tmut       9%         N/A       100%        4
 Summon Ice Beast         Ice/Summ       9%         N/A       100%        4
 Agony                    Necr           9%         N/A       100%        5
 Alistair's Intoxication  Tmut/Pois      6%         N/A       100%        5
 Excruciating Wounds      Necr           4%         N/A       100%        5
 Fireball                 Conj/Fire      4%         3d4       100%        5
 Yara's Violent Unravell  Hex/Tmut       7%         3d5       100%        5
 Dispersal                Tloc           4%         N/A       100%        6
 Simulacrum               Ice/Necr       4%         N/A       100%        6
 Starburst                Conj/Fire      4%         6d4       100%        6
 Enfeeble                 Hex            10%        N/A       100%        7
 Ignition                 Fire           4%         3d4       100%        8
 Death's Door             Necr           4%         N/A       100%        9


Dungeon Overview and Level Annotations

Branches:
Dungeon (15/15)            Temple (0/1) D:5            Lair (6/6) D:9
 Shoals (1/4) Lair:2        Snake (4/4) Lair:2        Slime (0/5) Lair:5
    Orc (2/2) D:10            Elf (0/3) Orc:2        Vaults (0/5) D:14
 Depths (0/4) D:15          IceCv (visited)         Volcano (visited)

Altars:
Gozag
Hepliaklqana
Okawaru
Qazlal
Trog
Zin
Beogh
Jiyva

Shops:
D:9 *   D:13 :   D:14 *[   Orc:2 ?[=[:   Lair:1 (   Lair:5 *   Snake:2 *
Snake:3 ?:

Portals:
Trove: D:10 (give +5 ice dragon scales)

Annotations:
D:4 1 runed translucent door, 1 exclusion, Crazy Yiuf
D:14 3 runed translucent doors, 1 exclusion, SirDiesAlot's ghost, journeyman DEFE
Lair:2 exclusion: oklob plant
Snake:2 3 runed translucent doors, badtown22's ghost, adept GnIE; badtown22's ghost, journeyman DsEE; bronco's ghost, adept TrMo; rogsnak's ghost, adept GnWz; timneilson's ghost, adept GrFi
Snake:4 Asterion


Innate Abilities, Weirdness & Mutations

You have razor-sharp teeth.
Your natural rate of healing is unusually fast.
When hurt, damage is shared between your health and your magic reserves.
Your bite disrupts and absorbs the magic of your enemies.
Potions cannot restore your health.


Message History

Press: ? - help, Shift-Dir - straight line The puff of flame misses the water nymph.
A merfolk aquamancer comes into view. It is wielding a +0 rapier.
The water nymph is engulfed in a cloud of scalding steam.
The water nymph casts a spell at you. The water swirls and strikes you!!
* * * LOW HITPOINT WARNING * * *
As you read the scroll of summoning, it crumbles to dust.
Wisps of shadow whirl around you...
The merfolk aquamancer shouts!
The merfolk aquamancer mumbles some strange words.
The merfolk aquamancer blinks!
You hear a haunting song.
The faun barely misses your merfolk.
A water nymph comes into view.
You block the water nymph's attack.
Your unstable footing causes you to fumble your attack.
A nearby plant withers and dies.
You hear an eerie melody.
Your wind drake exhales a fierce blast of wind!
You are blown backwards!
The faun and the water nymph are blown away by the wind.
The water nymph flows with the water.
Found 26 gold pieces and 17 bolts.
What are your orders? t - Shout!
Orders for allies: a - Attack new target. r - Retreat! s - Stop attacking. g - Guard the area. f - Follow me.
Anything else - Cancel.
Guard this area!
The water nymph closely misses you.
Splash!
You fall into the shallow water.
Moving in this stuff is going to be slow.
A merfolk siren comes into view. It is wielding a +0 spear.
Your merfolk misses the water nymph.
The water nymph gestures at you while chanting.
The water swirls and strikes you!!
You die...
Your body crumbles into a pile of gold.

≈PP≈..≈ ...
≈(P$≈P. ..
≈≈.≈≈≈≈ ..
..≈≈≈≈. .#
m§≈≈≈.. ..#
≈≈.≈... #..###.
≈.....≈#..P....
≈≈....≈≈m@≈....P.
≈≈....≈≈cmP..####
≈≈....≈m≈≈≈..# $
≈≈≈≈.≈.m..P###
≈≈≈≈≈≈≈##≈≈##
.≈≈≈.≈≈##tkP###PP
.....≈.#≈≈PPPP.P≈
......≈≈≈≈PP.P.≈≈
....≈≈≈§≈PPP≈≈≈≈P


You could see a faun, a merfolk siren, 3 water nymphs, a friendly snapping
turtle (summoned), a friendly wind drake (summoned, repels missiles, catching
breath) and a friendly merfolk (summoned).

Vanquished Creatures
  Rupert (Lair:3)
  Frances (D:12)
  Kirke (D:13)
  Aizul (Snake:1)
  The ghost of Utoaqiwn the Thaumaturge, a journeyman DECj of Sif Muna (D:13)
  Azrael (D:12)
  A dire elephant (Lair:6)
  Snorg (D:11)
  12 naga warriors
  Harold (D:9)
  5 boulder beetles
  2 catoblepae
  A death knight (D:14)
  10 hydras
  7 two-headed ogres
  9 anacondas
  8 death yaks (Lair:6)
  2 centaur warriors
  5 orc high priests (Orc:2)
  Urug (D:12)
  5 shock serpents
  4 naga sharpshooters
  A deep elf knight (D:14)
  A salamander mystic (Snake:2)
  9 skeletal warriors
  A fire crab (shapeshifter) (D:12)
  2 sea snakes (Snake:3)
  2 naga ritualists (Snake:3)
  A deep elf archer (Volcano)
  12 deep elf pyromancers
  2 lindwurms
  A wizard (D:14)
  9 orc knights
  2 mana vipers
  A deep elf zephyrmancer (D:14)
  2 orc sorcerers
  11 salamanders
  3 cyclopes
  12 ugly things
  2 manticores (Lair:6)
  11 elephants
  An ice statue (IceCv)
  29 black mambas
  14 cane toads
  3 guardian serpents
  A gargoyle (D:13)
  9 naga magi
  2 unseen horrors
  3 kobold demonologists
  2 torpor snails (Lair:6)
  4 centaur skeletons (D:14)
  6 rime drakes
  An efreet (D:13)
  15 komodo dragons
  2 anaconda simulacra (IceCv)
  9 freezing wraiths
  An entropy weaver simulacrum (IceCv)
  12 ice devils (IceCv)
  6 trolls
  5 polar bears
  9 slime creatures
  32 blink frogs
  18 dream sheep
  Sigmund (D:3)
  2 dire elephant simulacra (IceCv)
  14 yaks
  4 basilisks
  3 spriggans (Lair:1)
  A vampire (D:13)
  Eustachio (D:5)
  11 fire elementals
  Grum (D:9)
  4 wyverns
  3 wraiths
  12 vampire mosquitoes
  A steam dragon (D:9)
  6 death yak simulacra (IceCv)
  Edmund (D:4)
  26 nagas
  4 wargs
  A harpy simulacrum (IceCv)
  2 acid dragons
  18 water moccasins
  6 hell hounds
  27 orc warriors
  7 black bears
  A boggart (D:14)
  12 wolves
  6 ogres
  9 centaurs
  A phantom (D:5)
  6 kobold brigands
  4 scorpions
  17 bullfrogs
  2 gnoll sergeants (D:8)
  2 two-headed ogre simulacra (IceCv)
  A wyvern zombie (D:7)
  7 cane toad simulacra (IceCv)
  A wyvern skeleton (D:7)
  2 elephant simulacra (IceCv)
  6 killer bees
  7 wights
  3 electric eels
  7 howler monkeys
  6 hounds
  3 centaur zombies
  36 orc priests
  2 gnoll shamans (D:9)
  A jelly (D:5)
  Jessica (D:2)
  2 iguanas (D:5)
  20 orc wizards
  Natasha (twice) (D:2)
  2 killer bee zombies
  5 wolf simulacra (IceCv)
  2 hound zombies (D:5)
  A hound skeleton (D:2)
  17 gnolls
  5 adders
  2 naga simulacra (IceCv)
  A shadow imp (D:5)
  3 white imps
  4 ufetubi
  An adder zombie (D:5)
  2 worms
  4 dart slugs
  82 orcs
  2 endoplasms
  4 giant cockroaches
  7 goblins
  7 hobgoblins
  3 jackals (D:3)
  14 kobolds
  5 quokkas
  9 ball pythons
  5 bats
  6 frilled lizards
  3 rats
868 creatures vanquished.

Vanquished Creatures (collateral kills)
  A necromancer (IceCv)
  A guardian serpent (Snake:1)
  2 orc warriors (Orc:2)
4 creatures vanquished.

Vanquished Creatures (others)
  4 humans (D:13)
  A bush (Lair:6)
  23 fungi
  40 plants
68 creatures vanquished.

Grand Total: 940 creatures vanquished

Notes
Turn   | Place    | Note
-------+----------+-------------------------------------------
     0 | D:1      | Pandoramic the Vine Stalker Enchanter began the quest for
                  | the Orb.
     0 | D:1      | Reached XP level 1. HP: 9/9 MP: 4/4
   237 | D:1      | Reached XP level 2. HP: 14/14 MP: 6/6
   240 | D:1      | Learned a level 2 spell: Ensorcelled Hibernation
   260 | D:1      | Reached skill level 1 in Short Blades
  1068 | D:2      | Found a faded altar of an unknown god.
  1119 | D:2      | Noticed Jessica
  1121 | D:2      | Killed Jessica
  1122 | D:2      | Reached skill level 1 in Fighting
  1122 | D:2      | Reached XP level 3. HP: 18/18 MP: 7/7
  1362 | D:2      | Found an opulent altar of Gozag.
  1365 | D:2      | Gained mutation: Your natural rate of healing is unusually
                  | fast. [Vine Stalker growth]
  1365 | D:2      | Reached XP level 4. HP: 22/22 MP: 8/8
  1426 | D:2      | Noticed Natasha
  1443 | D:2      | Killed Natasha
  1480 | D:2      | Identified the +5 pair of gloves "Oproenij" {Harm Rampage
                  | rElec Will++}
  1499 | D:2      | Identified the +7 plate armour of Oblivion {Harm Rampage
                  | rPois Str+4 Int+3}
  1534 | D:2      | Reached skill level 5 in Stealth
  1565 | D:2      | Noticed Natasha
  1576 | D:2      | Killed Natasha
  1577 | D:2      | Reached XP level 5. HP: 25/25 MP: 9/9
  2080 | D:3      | Found an iron altar of Okawaru.
  2261 | D:3      | Noticed Sigmund
  2289 | D:3      | Killed Sigmund
  2290 | D:3      | Reached skill level 2 in Fighting
  2290 | D:3      | Reached XP level 6. HP: 32/32 MP: 10/10
  2349 | D:3      | Reached skill level 3 in Fighting
  2746 | D:2      | Became a worshipper of Gozag Ym Sagoz the Greedy
  2922 | D:4      | Noticed Edmund
  2962 | D:4      | Killed Edmund
  2963 | D:4      | Reached XP level 7. HP: 13/26 MP: 11/11
  3208 | D:4      | Reached skill level 4 in Fighting
  3458 | D:4      | Found a runed translucent door.
  3459 | D:4      | Noticed Crazy Yiuf
  3554 | D:5      | Entered Level 5 of the Dungeon
  3554 | D:5      | Noticed Eustachio
  3652 | D:5      | Killed Eustachio
  3653 | D:5      | Gained mutation: You have razor-sharp teeth. [Vine Stalker
                  | growth]
  3653 | D:5      | Reached XP level 8. HP: 42/42 MP: 12/12
  3951 | D:5      | Found a staircase to the Ecumenical Temple.
  4110 | D:5      | Reached skill level 5 in Armour
  4447 | D:5      | Reached skill level 5 in Fighting
  4597 | D:5      | Reached XP level 9. HP: 47/47 MP: 13/13
  5446 | D:7      | Reached skill level 6 in Fighting
  6129 | D:8      | Noticed a cyclops
  6180 | D:8      | Killed a cyclops
  6181 | D:8      | Reached skill level 7 in Fighting
  6181 | D:8      | Reached XP level 10. HP: 55/55 MP: 14/14
  6615 | D:9      | Noticed Harold
  6616 | D:9      | Found Ipukat's Assorted Antiques.
  6642 | D:9      | Killed Harold
  6643 | D:9      | Reached skill level 8 in Fighting
  6662 | D:9      | Bought a fizzy coppery potion for 28 gold pieces
  6662 | D:9      | Bought a scroll of identify for 64 gold pieces
  6777 | D:9      | Found a staircase to the Lair.
  6889 | D:9      | Identified the +6 scale mail "Mesmatru" {+Blink rN+ Str+6
                  | Dex-2}
  7294 | D:9      | Noticed Grum
  7317 | D:9      | Killed Grum
  7318 | D:9      | Reached skill level 10 in Armour
  7407 | D:10     | Entered Level 10 of the Dungeon
  7407 | D:10     | Noticed a two-headed ogre
  7411 | D:10     | Noticed a deep elf pyromancer
  7785 | D:9      | Killed an unseen horror
  7806 | D:9      | Killed a two-headed ogre
  7807 | D:9      | Reached skill level 9 in Fighting
  7807 | D:9      | Reached XP level 11. HP: 47/62 MP: 13/15
  7824 | D:10     | Noticed a two-headed ogre
  7940 | D:9      | Killed a two-headed ogre
  8559 | D:10     | Killed a deep elf pyromancer
  8616 | D:10     | Found a staircase to the Orcish Mines.
  8760 | D:10     | Found a portal to a secret trove of treasure.
  8897 | D:10     | Found a hazy altar of Hepliaklqana.
  8910 | D:10     | Found a glowing silver altar of Zin.
  8925 | D:10     | Found a bloodstained altar of Trog.
  8945 | D:10     | Found a stormy altar of Qazlal.
  9204 | D:11     | Noticed a skeletal warrior
  9204 | D:11     | Noticed a skeletal warrior
  9226 | D:11     | Noticed a skeletal warrior
  9868 | D:10     | Killed a skeletal warrior
 10185 | D:9      | Killed a skeletal warrior
 10202 | Lair:1   | Entered Level 1 of the Lair of Beasts
 10464 | Lair:1   | Noticed an eight-headed hydra
 10485 | Lair:1   | Killed an eight-headed hydra
 10636 | Lair:1   | Reached skill level 10 in Fighting
 10694 | Lair:1   | Reached XP level 12. HP: 50/67 MP: 16/19
 10808 | Lair:1   | Bought the +10 quarterstaff of the Pariah {freeze, Dex+2}
                  | for 1026 gold pieces
 10852 | Lair:1   | Reached skill level 1 in Staves
 11676 | Lair:2   | Identified 2 scrolls of acquirement
 11676 | Lair:2   | Acquired a manual of Staves
 11678 | Lair:2   | Acquired 297 gold pieces
 11707 | Lair:1   | Reached skill level 5 in Staves
 11835 | Lair:2   | Noticed a four-headed hydra
 11851 | Lair:2   | Killed a four-headed hydra
 11918 | Lair:2   | Noticed a six-headed hydra
 11931 | Lair:2   | Killed a six-headed hydra
 12145 | Lair:2   | Found a staircase to the Shoals.
 12152 | Lair:2   | Noticed an eight-headed hydra
 12162 | Lair:2   | Killed an eight-headed hydra
 12163 | Lair:2   | Reached skill level 10 in Staves
 12643 | Lair:2   | Found a staircase to the Snake Pit.
 12924 | Lair:3   | Noticed Rupert
 12937 | Lair:3   | Killed Rupert
 12938 | Lair:3   | Reached XP level 13. HP: 54/72 MP: 20/20
 12938 | Lair:3   | Found a dark tunnel.
 12996 | Volcano  | Entered a volcano
 13887 | Lair:3   | Identified the +11 scimitar of Hell's Wrath {holy, rF++
                  | Str+5 Dex-3}
 13914 | Lair:4   | Reached skill level 5 in Spellcasting
 13970 | Lair:4   | Reached skill level 1 in Long Blades
 14384 | Lair:4   | Reached skill level 1 in Evocations
 14887 | Lair:5   | Reached XP level 14. HP: 77/77 MP: 24/24
 15051 | Lair:5   | Found a viscous altar of Jiyva.
 15051 | Lair:5   | Found a staircase to the Slime Pits.
 15343 | Lair:6   | Entered Level 6 of the Lair of Beasts
 15378 | Lair:5   | Reached skill level 11 in Fighting
 15530 | Lair:6   | Identified the +3 longbow of Midwinter {vorpal, rPois MP+9
                  | Stlth+}
 15910 | Lair:6   | Reached skill level 12 in Fighting
 16092 | Lair:6   | Noticed a dire elephant
 16229 | Lair:6   | Killed a dire elephant
 16589 | Lair:6   | Reached XP level 15. HP: 69/85 MP: 27/27
 17209 | D:11     | Noticed Snorg
 17216 | D:11     | Killed Snorg
 17222 | D:11     | Identified the +5 spear of Obsession {venom, Dex+8}
 17403 | D:12     | Found a frozen archway.
 17416 | IceCv    | Entered an ice cave
 17730 | IceCv    | Reached skill level 5 in Evocations
 17886 | IceCv    | Found an ancient bone altar of Kikubaaqudgha.
 17910 | IceCv    | Reached skill level 13 in Fighting
 18243 | IceCv    | Got the Compendium of the Doomed Snowflakes
 18731 | D:12     | Noticed Frances
 18738 | D:12     | Killed Frances
 18820 | D:12     | Noticed Azrael
 18885 | D:12     | Killed Azrael
 19012 | D:12     | Noticed Urug
 19041 | D:12     | Killed Urug
 19353 | D:13     | Noticed Sonja
 19354 | D:13     | Noticed Sonja
 19354 | D:13     | Sonja changed into Sonja the scorpion
 19407 | D:13     | Found Pidury's Book Emporium.
 19459 | D:13     | Noticed Kirke
 19465 | D:13     | Killed Kirke
 19539 | D:13     | Found a transporter.
 19540 | D:13     | Noticed Utoaqiwn's ghost (journeyman DECj)
 19542 | D:13     | Found a transporter.
 19542 | D:13     | Identified the +3 great mace of Guilt {speed, Dex+6}
 19597 | D:13     | Killed Utoaqiwn's ghost
 19777 | D:13     | Reached skill level 1 in Throwing
 19916 | D:13     | Killed Sonja the scorpion
 20010 | D:13     | Reached skill level 14 in Fighting
 20564 | D:14     | Reached XP level 16. HP: 75/93 MP: 26/30
 21226 | D:14     | Found a gate to the Vaults.
 21432 | D:14     | Reached skill level 5 in Throwing
 21548 | D:14     | Found a runed translucent gate.
 21548 | D:14     | Found a runed translucent gate.
 21548 | D:14     | Found a runed translucent gate.
 21549 | D:14     | Noticed SirDiesAlot's ghost (journeyman DEFE)
 21770 | D:15     | Entered Level 15 of the Dungeon
 21774 | D:15     | Found a staircase to the Depths.
 21781 | D:14     | Bought a runed kite shield for 202 gold pieces
 21781 | D:14     | Bought a smoking ring mail for 243 gold pieces
 21781 | D:14     | Identified the +5 ring mail of the Gloaming {Str+4 Dex+3}
                  | (You bought it in a shop on level 14 of the Dungeon)
 21863 | Orc:1    | Entered Level 1 of the Orcish Mines
 22559 | Orc:2    | Entered Level 2 of the Orcish Mines
 22657 | Orc:2    | Found a staircase to the Elven Halls.
 23329 | Orc:2    | Reached skill level 10 in Spellcasting
 23578 | Orc:2    | Reached skill level 15 in Fighting
 23755 | Orc:2    | Found Yrirren's Magic Scroll Boutique.
 23758 | Orc:2    | Found Cainwot's Armour Boutique.
 23759 | Orc:2    | Found Bucafa's Book Boutique.
 23760 | Orc:2    | Found Ikyum's Jewellery Shop.
 23950 | D:14     | Bought a heavily runed chain mail for 256 gold pieces
 23950 | D:14     | Identified the +1 chain mail of Hepliaklqana's Hope {rF+}
                  | (You bought it in a shop on level 14 of the Dungeon)
 23956 | D:14     | Bought a distressingly furry ring mail for 261 gold pieces
 23956 | D:14     | Identified the +5 ring mail "Adoak" {+Blink rElec Regen+
                  | Slay-3} (You bought it in a shop on level 14 of the
                  | Dungeon)
 23960 | D:14     | Bought a translucent chain mail for 256 gold pieces
 23960 | D:14     | Identified the +5 chain mail of the Locust {Stlth+} (You
                  | bought it in a shop on level 14 of the Dungeon)
 24146 | Orc:2    | Bought a +1 kite shield of reflection for 162 gold pieces
 24156 | Orc:2    | Bought a ring of protection from cold for 375 gold pieces
 24351 | Snake:1  | Entered Level 1 of the Snake Pit
 24500 | Snake:1  | Reached skill level 1 in Shields
 24710 | Snake:1  | Noticed Aizul
 24769 | Snake:1  | Killed Aizul
 25092 | Snake:1  | Reached XP level 17. HP: 72/99 MP: 26/32
 25327 | Snake:1  | Reached skill level 5 in Long Blades
 26590 | Snake:2  | Found a runed translucent gate.
 26604 | Snake:2  | Found a runed translucent gate.
 26608 | Snake:2  | Found a runed translucent gate.
 26612 | Snake:2  | Noticed bronco's ghost (adept TrMo)
 26612 | Snake:2  | Noticed timneilson's ghost (adept GrFi)
 26613 | Snake:2  | Noticed badtown22's ghost (journeyman DsEE)
 26613 | Snake:2  | Noticed rogsnak's ghost (adept GnWz)
 26613 | Snake:2  | Noticed badtown22's ghost (adept GnIE)
 27980 | Snake:2  | Found Deen Ufin's Gadget Gallery.
 27990 | Snake:2  | Bought a phial of floods for 640 gold pieces
 27990 | Snake:2  | Bought a wand of mindburst (7) for 176 gold pieces
 29111 | Snake:3  | Found Noefir's Magic Scroll Emporium.
 29142 | Snake:3  | Found Urob's Book Shoppe.
 29209 | Snake:3  | Identified the +1 robe of Udinnoph {rPois Str+8 Slay-3
                  | Stlth-}
 30135 | Snake:4  | Entered Level 4 of the Snake Pit
 30135 | Snake:4  | Noticed Asterion
 30568 | Shoals:1 | Entered Level 1 of the Shoals
 30588 | Shoals:1 | Killed from afar by a water nymph

Illustrated notes

Levels and vault maps discovered:
D:1:      lemuel_arrival_hallway, layout_basic, st_stairs_1, hex_medium,
          grunt_decor_junction, glass_columns_a
D:2:      layout_loops_ring, basic_altar, nicolae_ecumenical_pavilion,
          minmay_misc_feat_encased, minmay_puff, uniq_natasha, uniq_jessica
D:3:      layout_loops_cross, okawaru_trees_1, uniq_sigmund
D:4:      layout_cave_pools, kennysheep_pointless_box, nrook_loot_triangle,
          uniq_crazy_yiuf_cottage, uniq_edmund
D:5:      minmay_razor_zed, layout_basic, temple_pool_b, minmay_liquid_box,
          minivault_26, uniq_eustachio
D:6:      layout_basic
D:7:      layout_basic
D:8:      layout_rooms
D:9:      layout_long_grid, dpeg_oklobed_lair, serial_shops,
          nicolae_diamond_shop, uniq_harold, uniq_grum
D:10:     layout_cross, nicolae_overflow_quartered_altars,
          minmay_orc_entry_temple_small, enter_trove_6,
          amcnicky_mini_pool_medium
D:11:     layout_rooms, uniq_snorg
D:12:     layout_basic, portal_ice_cave_entry_pillars_1, serial_corexii_hall,
          corexii_hall_statues_x, corexii_hall_statues_x, fountainhead,
          uniq_azrael, uniq_frances, uniq_urug
D:13:     layout_loops_ring, gammafunk_ghost_smash, nicolae_stop_n_shop_1,
          hangedman_decor_riveting, kennysheep_generic_room_5, uniq_sonja,
          uniq_kirke
D:14:     layout_basic, hangedman_vaults_entry_quadrant_bands,
          gammafunk_ghost_hydra_chop, nicolae_figureground_pulse,
          corner_web_ring
D:15:     grunt_enter_depths_giant_problem, layout_grid_maze,
          nemelex_lonely_heart_becter
Lair:1:   beast_lair_carwin_large_3, layout_regular_city,
          chequers_serial_rivers_large_b, wad_woods_02, grunt_megastairs_3
Lair:2:   layout_cellular_growth, shoals_dummy_entry, dummy_snake_entry,
          nzn_random_ring
Lair:3:   layout_misc_corridors, nicolae_volcano_entry_lava_flow,
          chequers_serial_rivers_marsh, st_stairs_11, uniq_rupert
Lair:4:   layout_small_grid, serial_bayou_shore_b, grunt_megastairs_4
Lair:5:   layout_misc_corridors, dpeg_slime_entry_enclosed_altar
Lair:6:   hangedman_lair_in_review, layout_loops_ring, minmay_lindwurm_lava,
          grunt_megastairs_5
Shoals:1: layout_shoals, nicolae_splish_splash, uniq_roxanne
Snake:1:  layout_misc_corridors, drop_trap, uniq_aizul
Snake:2:  layout_gridlike, gammafunk_ghost_cemetery, nicolae_shop_gadgets
Snake:3:  layout_gridlike, serial_bayou_shore_a, minmay_shoptagon
Snake:4:  johnstein_snake_rune_scales, layout_basic, serial_shops,
          nicolae_shop_stone, uniq_asterion
Orc:1:    layout_caves, basic_altar
Orc:2:    st_orc_pillars, layout_caves, lemuel_statue_altar, minmay_orc_keep

Skill      XL: |  1  2  3  4  5  6  7  8  9 10 11 12 13 14 15 16 17 |
---------------+----------------------------------------------------+-----
Short Blades   | 1 2 |  2.2
Stealth        | 4 5 |  5.0
Dodging        | 2 3 |  3.0
Fighting       | 1 2 3 4 5 7 9 10 12 14 15 | 15.1
Armour         | 2 3 4 6 8 10 12 13 14 | 14.5
Spellcasting   | 4 6 7 9 10 | 10.1
Staves         | 12 14 | 14.4
Long Blades    | 1 4 8 |  8.9
Evocations     | 2 4 5 |  5.5
Throwing       | 3 6 |  6.3
Shields        | 2 4 |  4.7
Hexes          | |  3.0
Ice Magic      | |  0.2

Action                   |  1- 3 |  4- 6 |  7- 9 | 10-12 | 13-15 | 16-18 || total
-------------------------+-------+-------+-------+-------+-------+-------++-------
Melee: Dagger            |    59 |   130 |   452 |   591 |       |       ||  1232
       Bite              |     8 |    43 |   158 |   391 |   377 |   323 ||  1300
       Punch             |     1 |       |     6 |    15 |       |       ||    22
       Flail             |       |       |       |   170 |       |       ||   170
       Quarterstaff      |       |       |       |   174 |   889 |   425 ||  1488
       Scimitar          |       |       |       |       |    24 |   469 ||   493
Throw: Throwing net      |       |       |       |     6 |       |       ||     6
       Stone             |       |       |       |       |     2 |       ||     2
       Javelin           |       |       |       |       |       |     5 ||     5
 Cast: Ensorcelled Hiber |     1 |     1 |       |       |       |       ||     2
Invok: Call Merchant     |       |       |       |     1 |     1 |     3 ||     5
Evoke: Wand              |       |       |       |     3 |     3 |     6 ||    12
       Condenser vane    |       |       |       |       |     2 |     2 ||     4
       Box of beasts     |       |       |       |       |     1 |     3 ||     4
       Tin of tremorston |       |       |       |       |       |     3 ||     3
       Phial of floods   |       |       |       |       |       |     1 ||     1
  Use: Scroll            |       |     4 |    13 |    12 |     2 |     9 ||    40
       Potion            |       |       |       |     6 |     4 |     3 ||    13
 Stab: Sleeping          |    10 |     3 |       |       |       |       ||    13
       Distracted        |       |       |       |     4 |    10 |     8 ||    22
       Held in net/web   |       |       |       |     3 |       |       ||     3
       Invisible         |       |       |       |     3 |    14 |       ||    17
       Paralysed         |       |       |       |     2 |       |       ||     2
       Confused          |       |       |       |       |       |     3 ||     3
Armor: Robe              |     7 |     1 |       |       |       |       ||     8
       Plate armour      |       |   116 |   407 |   807 |   376 |   418 ||  2124
Dodge: Dodged            |    41 |    36 |   104 |   431 |   232 |   280 ||  1124
Block: Kite shield       |       |       |       |       |       |   243 ||   243
       Reflection        |       |       |       |       |       |    26 ||    26

Table legend: (Time is in decaauts)
 A = Elapsed time spent in this place.
 B = Non-inter-level travel time spent in this place.
 C = Inter-level travel time spent in this place.
 D = Time resting spent in this place.
 E = Time spent auto-exploring this place.
 F = Levels seen in this place.
 G = Mean time per level.
                   A        B        C        D        E       F      G
               +--------+--------+--------+--------+--------+-----+--------+
         Total |  30218 |  28071 |   2147 |   3602 |  10454 |  30 | 1007.3 |
       Dungeon |  14397 |  13515 |    882 |   1640 |   5456 |  15 |  959.8 |
          Lair |   6575 |   5979 |    596 |    328 |   3382 |   6 | 1095.8 |
        Shoals |     20 |     20 |      0 |      0 |      0 |   1 |   20.0 |
     Snake Pit |   6036 |   5696 |    340 |   1382 |    616 |   4 | 1509.0 |
  Orcish Mines |   2130 |   1803 |    327 |     43 |    928 |   2 | 1065.0 |
      Ice Cave |    860 |    860 |      0 |    186 |     46 |   1 |  860.0 |
       Volcano |    199 |    199 |      0 |     22 |     24 |   1 |  199.0 |
               +--------+--------+--------+--------+--------+-----+--------+

Top non-repeatable levels by time:
     D:9: 2522 daAuts
 Snake:1: 2246 daAuts
 Snake:3: 1833 daAuts
 Snake:2: 1673 daAuts
  Lair:6: 1515 daAuts
    D:10: 1496 daAuts
    D:14: 1492 daAuts
   Orc:2: 1443 daAuts
  Lair:2: 1369 daAuts
  Lair:1: 1300 daAuts
    D:12: 1154 daAuts
     D:5: 1106 daAuts
     D:1: 1065 daAuts
     D:2: 1050 daAuts
  Lair:4: 922 daAuts
